 Dungeon Crawl Stone Soup version 0.22.1-6-g1668fe2 (webtiles) character file.

301 Gadfly the Skirmisher (level 6, -1/48 HPs)
             Began as a Demonspawn Monk on Jan 25, 2019.
             Slain by Purgy (6 damage)
             ... in a sewer.
             The game lasted 00:04:44 (3478 turns).

Gadfly the Skirmisher (Demonspawn Monk)             Turns: 3478, Time: 00:04:48

Health: -1/48      AC: 10    Str: 13      XL:     6   Next: 14%
Magic:  6/6        EV:  7    Int: 12      God:
Gold:   175        SH:  0    Dex: 14 (15) Spells: 5/5 levels left

rFire    . . .     SeeInvis .   a - +0 hand axe
rCold    + . .     Gourm    .   (no shield)
rNeg     . . .     Faith    .   e - +1 chain mail
rPois    .         Spirit   .   (helmet restricted)
rElec    .         Reflect  .   (no cloak)
rCorr    .         Harm     .   (no gloves)
MR       .....                  (no boots)
Stlth    ..........             (no amulet)
HPRegen  0.16/turn              (no ring)
MPRegen  0.10/turn              (no ring)

@: no status effects
A: horns 1, cold resistance 1
a: no special abilities


You were in a sewer.
You were not hungry.

You visited 1 branch of the dungeon, and saw 4 of its levels.
You also visited: Sewer.

You collected 175 gold pieces.

Inventory:

Hand Weapons
 a - a +0 hand axe (weapon)
Armour
 e - a +1 chain mail (worn)
Scrolls
 b - a scroll of magic mapping {unknown}
 d - 3 scrolls of enchant armour
 f - a scroll of enchant weapon {unknown}
 h - a scroll of blinking
 j - a scroll of fog
 k - a scroll of remove curse
Potions
 i - a potion of mutation {unknown}
 l - a potion of invisibility {unknown}
Comestibles
 c - 7 rations


   Skills:
 + Level 4.2 Fighting
 + Level 3.9 Axes
 * Level 3.8 Armour
 - Level 2.6 Dodging
 - Level 1.7 Stealth


You had 5 spell levels left.
You didn't know any spells.
Your spell library contained the following spells:

 Spells                   Type           Power        Failure   Level  Hunger
 Magic Dart               Conj           #...         100%        1    ##.....
 Blink                    Tloc           N/A          100%        2    ###....
 Call Imp                 Summ           #.......     100%        2    ###....
 Slow                     Hex            #.......     100%        2    ###....
 Conjure Flame            Conj/Fire      #.......     100%        3    ####...
 Mephitic Cloud           Conj/Pois/Air  #.......     100%        3    ####...


Dungeon Overview and Level Annotations

Branches:
Dungeon (4/15)
 Temple: D:4-7

Altars:
Hepliaklqana
Wu Jian

Annotations:
Sewer Purgy


Innate Abilities, Weirdness & Mutations

You have a pair of small horns on your head.
Your flesh is cold resistant. (rC+)


Message History

Purgy is almost dead.
Purgy bites you.
* * * LOW HITPOINT WARNING * * *
Purgy claws you but does no damage. x2
You hit Purgy.
Purgy is almost dead.
Purgy bites you but does no damage. Purgy claws you but does no damage.
Purgy claws you.
* * * LOW HITPOINT WARNING * * *
You hit Purgy.
Purgy is almost dead.
Purgy closely misses you. Purgy barely misses you.
Purgy claws you but does no damage.
You completely miss Purgy. Your headbutt misses Purgy.
Purgy is almost dead.
Purgy bites you but does no damage. Purgy claws you but does no damage.
Purgy claws you.
* * * LOW HITPOINT WARNING * * *
Purgy bites you.
You die...

### #∩# #.#
#+##+##+##.##+##+##
######..................
≈≈≈≈≈#≈≈≈≈≈≈≈≈≈.≈≈≈≈≈≈≈≈
≈≈≈≈≈#≈≈≈≈≈≈≈≈≈∩≈≈≈≈≈≈≈≈
≈≈≈≈≈#≈≈≈≈≈≈≈≈≈.≈≈≈≈≈≈≈≈
#.@................
#T##'##'##'##'##'## #.
#.##.##.##.##.## #(
#.##.##.##.##.## ##
################


You could see Purgy.

Vanquished Creatures
  A big kobold (Sewer)
  A worker ant (D:4)
  A worker ant zombie (D:3)
  A howler monkey skeleton (D:3)
  5 adders
  An ooze (D:1)
  2 adder skeletons (D:3)
  An adder zombie (D:3)
  2 worms (D:2)
  6 dart slugs
  14 leopard geckos
  3 orcs (D:3)
  2 ball pythons
  5 bats
  3 giant cockroaches
  7 goblins
  11 hobgoblins
  7 jackals (D:3)
  4 kobolds
  3 quokkas
  6 frilled lizards
  A jackal zombie (D:3)
  8 rats
95 creatures vanquished.

Notes
Turn   | Place    | Note
-------+----------+-------------------------------------------
     0 | D:1      | Gadfly the Demonspawn Monk began the quest for the Orb.
     0 | D:1      | Reached XP level 1. HP: 18/18 MP: 1/1
   189 | D:1      | Reached skill level 1 in Armour
   189 | D:1      | Gained mutation: Your flesh is cold resistant. (rC+)
                  | [demonic ancestry]
   189 | D:1      | Reached XP level 2. HP: 24/24 MP: 2/2
   672 | D:1      | Reached XP level 3. HP: 25/29 MP: 3/3
  1346 | D:2      | Found a hazy altar of Hepliaklqana.
  1391 | D:2      | Gained mutation: You have a pair of small horns on your
                  | head. [demonic ancestry]
  1391 | D:2      | Reached XP level 4. HP: 22/35 MP: 4/4
  2198 | D:3      | Reached XP level 5. HP: 20/42 MP: 5/5
  2432 | D:3      | Found an ornate altar of the Wu Jian Council.
  2451 | D:3      | Reached skill level 4 in Fighting
  3223 | D:4      | Found a glowing drain.
  3324 | Sewer    | Entered a sewer
  3364 | Sewer    | Reached XP level 6. HP: 36/48 MP: 6/6
  3458 | Sewer    | Noticed Purgy
  3478 | Sewer    | Slain by Purgy

Skill      XL: |  1  2  3  4  5 |
---------------+----------------+-----
Armour         | 1 2 3 |  3.8
Axes           | 3 |  3.9
Fighting       | 4 |  4.2
Dodging        | |  2.6
Stealth        | |  1.7

Action                   |  1- 3 |  4- 6 || total
-------------------------+-------+-------++-------
Melee: Hand axe          |   179 |   247 ||   426
       Headbutt          |       |    30 ||    30
  Use: Scroll            |     4 |     3 ||     7
       Potion            |     1 |     3 ||     4
  Eat: Chunk             |     2 |     7 ||     9
Armor: Chain mail        |   123 |   285 ||   408
Dodge: Dodged            |    59 |   121 ||   180
